IL
BUFFALO BISONS @ COLUMBUS CLIPPERS
05/11/2046
 
TOP OF THE 1ST
Buffalo Bisons batting - Pitching for Columbus Clippers : RHP Paul Lewis
Pitching: RHP Paul Lewis
Batting: RHB Finn Ross 0-0: Called Strike
0-1: Foul Ball, location: 2F
0-2: Ball
1-2: Foul Ball, location: 2F
1-2: Ball
2-2: SINGLE (Line Drive, 34D, EV 96.9 MPH)
Batting: LHB Da Vo 0-0: Called Strike
Finn Ross is caught stealing 2nd base 2-6
0-1: Ball
1-1: Swinging Strike
1-2: Strikes out swinging
Batting: RHB Itsuo Egami 0-0: Called Strike
0-1: Foul Ball, location: 2F
0-2: Ball
1-2: Ball
2-2: Fly out, F8 (Flyball, 8RM, EV 73.8 MPH)
Top of the 1st over - 0 runs, 1 hit, 0 errors, 0 left on base; Buffalo 0 - Columbus 0
BOTTOM OF THE 1ST
Columbus Clippers batting - Pitching for Buffalo Bisons : RHP Orlando Giron
Pitching: RHP Orlando Giron
Batting: LHB John Harring 0-0: Ball
1-0: Ball
2-0: Called Strike
2-1: Swinging Strike
2-2: Ball
3-2: Foul Ball, location: 2F
3-2: Strikes out swinging
Batting: LHB Corey Trevor 0-0: Foul Ball, location: 2F
0-1: Foul Ball, location: 2F
0-2: Ball
1-2: Ball
2-2: Foul Ball, location: 2F
2-2: Strikes out swinging
Batting: RHB Christian Blue 0-0: Swinging Strike
0-1: Ball
1-1: SINGLE (Line Drive, 8LS, EV 100.0 MPH)
Batting: LHB Brent Albertson 0-0: Ball
1-0: Ball
2-0: Ball
3-0: Base on Balls
Christian Blue to second
Batting: RHB John Shaffer 0-0: Ball
1-0: Ball
2-0: Ground out 1-3 (Groundball, 13S, EV 66.9 MPH)
Bottom of the 1st over - 0 runs, 1 hit, 0 errors, 2 left on base; Buffalo 0 - Columbus 0
TOP OF THE 2ND
Buffalo Bisons batting - Pitching for Columbus Clippers : RHP Paul Lewis
Batting: RHB Francisco Hernandez 0-0: Called Strike
0-1: Ground out 6-3 (Groundball, 6, EV 89.4 MPH)
Batting: RHB Danny Heyer 0-0: Swinging Strike
0-1: Ball
1-1: Foul Ball, location: 2F
1-2: Ball
2-2: SOLO HOME RUN (Flyball, 78XD, EV 106.9 MPH), Distance : 431 ft
Batting: RHB Jorge Baret 0-0: Ball
1-0: Foul Ball, location: 2F
1-1: Called Strike
1-2: Ball
2-2: Ball
3-2: Base on Balls
Batting: RHB Cyril Husson 0-0: Called Strike
0-1: Ball
1-1: Called Strike
1-2: Foul Ball, location: 2F
1-2: Ball
2-2: Ball
3-2: Strikes out looking
Jorge Baret steals 2nd base
Batter strikes out.
Batting: RHB Darren McCarty Jr. 0-0: Ball
1-0: Ground out 5-3 (Groundball, 56, EV 91.2 MPH)
Top of the 2nd over - 1 run, 1 hit, 0 errors, 1 left on base; Buffalo 1 - Columbus 0
BOTTOM OF THE 2ND
Columbus Clippers batting - Pitching for Buffalo Bisons : RHP Orlando Giron
Batting: RHB Chris Folse 0-0: Ball
1-0: Ball
2-0: Called Strike
2-1: Swinging Strike
2-2: Foul Ball, location: 2F
2-2: Strikes out looking
Batting: RHB Armando Galindo 0-0: Called Strike
0-1: Fly out, F8 (Line Drive, 78D, EV 97.5 MPH)
Batting: RHB Chris Diaz 0-0: Ball
1-0: Fly out, F9 (Flyball, 9D, EV 101.2 MPH)
Bottom of the 2nd over - 0 runs, 0 hits, 0 errors, 0 left on base; Buffalo 1 - Columbus 0
TOP OF THE 3RD
Buffalo Bisons batting - Pitching for Columbus Clippers : RHP Paul Lewis
Batting: RHB Kyle Davis 0-0: Called Strike
0-1: Swinging Strike
0-2: Foul Ball, location: 2F
0-2: Ball
1-2: Foul Ball, location: 2F
1-2: Ball
2-2: Strikes out looking
Batting: RHB Finn Ross 0-0: Fly out, F8 (Flyball, 8RM, EV 92.5 MPH)
Batting: LHB Da Vo 0-0: Ball
1-0: Called Strike
1-1: Foul Ball, location: 2F
1-2: Strikes out swinging, 2-3 out at first.
Top of the 3rd over - 0 runs, 0 hits, 0 errors, 0 left on base; Buffalo 1 - Columbus 0
BOTTOM OF THE 3RD
Columbus Clippers batting - Pitching for Buffalo Bisons : RHP Orlando Giron
Batting: LHB John Dietrich 0-0: Called Strike
0-1: Swinging Strike
0-2: Strikes out swinging
Batting: LHB John Harring 0-0: Swinging Strike
0-1: Called Strike
0-2: Foul Ball, location: 2F
0-2: Ball
1-2: Foul Ball, location: 2F
1-2: Ball
2-2: Ball
3-2: Strikes out swinging
Batting: LHB Corey Trevor 0-0: Called Strike
0-1: Called Strike
0-2: Foul Ball, location: 2F
0-2: Ball
1-2: Fly out, F9 (Flyball, 9S, EV 85.6 MPH)
Bottom of the 3rd over - 0 runs, 0 hits, 0 errors, 0 left on base; Buffalo 1 - Columbus 0
TOP OF THE 4TH
Buffalo Bisons batting - Pitching for Columbus Clippers : RHP Paul Lewis
Batting: RHB Itsuo Egami 0-0: Ground out 3-1 (Groundball, 34S, EV 80.0 MPH)
Batting: RHB Francisco Hernandez 0-0: SINGLE (Groundball, 34, EV 99.4 MPH)
Batting: RHB Danny Heyer 0-0: Called Strike
0-1: Foul Ball, location: 2F
0-2: Grounds into double play, 5-4-3 (Groundball, 56, EV 86.9 MPH)
Top of the 4th over - 0 runs, 1 hit, 0 errors, 0 left on base; Buffalo 1 - Columbus 0
BOTTOM OF THE 4TH
Columbus Clippers batting - Pitching for Buffalo Bisons : RHP Orlando Giron
Batting: RHB Christian Blue 0-0: Ball
1-0: SINGLE (Groundball, 56D, EV 93.8 MPH)
Batting: LHB Brent Albertson 0-0: Ball
Christian Blue is caught stealing 2nd base 2-6
1-0: Swinging Strike
1-1: SINGLE (Line Drive, 56D, EV 105.6 MPH)
Batting: RHB John Shaffer 0-0: Ball
1-0: Called Strike
Brent Albertson steals 2nd base
1-1: Ball
2-1: Ball
3-1: SINGLE (Groundball, 5D, EV 100.0 MPH)
Brent Albertson to third
Runner from 3rd tries for Home, SAFE, throw by LF to home
John Shaffer to second
Batting: RHB Chris Folse 0-0: Ball
1-0: Ball
2-0: Ball
3-0: Base on Balls
Batting: RHB Armando Galindo 0-0: Swinging Strike
0-1: Swinging Strike
0-2: Strikes out swinging
Batting: RHB Chris Diaz 0-0: Ball
1-0: Fly out, F7 (Flyball, 7, EV 93.1 MPH)
Bottom of the 4th over - 1 run, 3 hits, 0 errors, 2 left on base; Buffalo 1 - Columbus 1
TOP OF THE 5TH
Buffalo Bisons batting - Pitching for Columbus Clippers : RHP Paul Lewis
Batting: RHB Jorge Baret 0-0: Fly out, F3 (Line Drive, 3, EV 65.0 MPH)
Batting: RHB Cyril Husson 0-0: Called Strike
0-1: Ball
1-1: Called Strike
1-2: Ground out 4-3 (Groundball, 4, EV 78.8 MPH)
Batting: RHB Darren McCarty Jr. 0-0: Swinging Strike
0-1: Swinging Strike
0-2: Strikes out swinging
Top of the 5th over - 0 runs, 0 hits, 0 errors, 0 left on base; Buffalo 1 - Columbus 1
BOTTOM OF THE 5TH
Columbus Clippers batting - Pitching for Buffalo Bisons : RHP Orlando Giron
Batting: LHB John Dietrich 0-0: Called Strike
0-1: Swinging Strike
0-2: Strikes out swinging
Batting: LHB John Harring 0-0: Ball
1-0: Ball
2-0: Fly out, F8 (Flyball, 8LM, EV 75.6 MPH)
Batting: LHB Corey Trevor 0-0: Ball
1-0: Ground out 5-3 (Groundball, 56S, EV 62.5 MPH)
Bottom of the 5th over - 0 runs, 0 hits, 0 errors, 0 left on base; Buffalo 1 - Columbus 1
TOP OF THE 6TH
Buffalo Bisons batting - Pitching for Columbus Clippers : RHP Paul Lewis
Batting: RHB Kyle Davis 0-0: Fly out, F7 (Line Drive, 7, EV 88.8 MPH)
Batting: RHB Finn Ross 0-0: Ball
1-0: Ball
2-0: Called Strike
2-1: SINGLE (Groundball, 56, EV 78.8 MPH) (infield hit)
Batting: LHB Da Vo 0-0: Foul Ball, location: 2F
0-1: Swinging Strike
0-2: Foul Ball, location: 2F
0-2: Ball
1-2: Ball
2-2: Fly out, F9 (Line Drive, 89M, EV 91.2 MPH)
Batting: RHB Itsuo Egami 0-0: Called Strike
Finn Ross steals 2nd base
0-1: Ball
1-1: Ground out U3 (Groundball, 34S, EV 91.9 MPH)
Top of the 6th over - 0 runs, 1 hit, 0 errors, 1 left on base; Buffalo 1 - Columbus 1
BOTTOM OF THE 6TH
Columbus Clippers batting - Pitching for Buffalo Bisons : RHP Orlando Giron
Batting: RHB Christian Blue 0-0: Foul Ball, location: 2F
0-1: Swinging Strike
0-2: Ball
1-2: Foul Ball, location: 2F
1-2: Strikes out swinging
Batting: LHB Brent Albertson 0-0: Ball
1-0: Foul Ball, location: 2F
1-1: Ball
2-1: Fly out, F7 (Flyball, 7LM, EV 95.0 MPH)
Batting: RHB John Shaffer 0-0: Called Strike
0-1: Ball
1-1: Ball
2-1: Swinging Strike
2-2: Strikes out looking
Bottom of the 6th over - 0 runs, 0 hits, 0 errors, 0 left on base; Buffalo 1 - Columbus 1
TOP OF THE 7TH
Buffalo Bisons batting - Pitching for Columbus Clippers : RHP Paul Lewis
Batting: RHB Francisco Hernandez 0-0: Ball
1-0: Ball
2-0: Ball
3-0: Base on Balls
Batting: RHB Danny Heyer 0-0: Fielders Choice at 2nd, U4 (Groundball, 6MD, EV 83.1 MPH)
Batting: RHB Jorge Baret 0-0: Called Strike
Danny Heyer steals 2nd base
0-1: Called Strike
0-2: Ball
1-2: Fly out, F8 (Flyball, 8RD, EV 103.8 MPH)
Batting: RHB Cyril Husson 0-0: Ball
1-0: Called Strike
1-1: Ball
2-1: Ball
3-1: Base on Balls
Batting: RHB Darren McCarty Jr. 0-0: Ball
1-0: Ball
2-0: SINGLE (Line Drive, 34D, EV 95.6 MPH)
Danny Heyer to third
Cyril Husson to second
Batting: RHB Kyle Davis 0-0: Ball
1-0: Ball
2-0: SINGLE (Groundball, 56, EV 83.8 MPH) (infield hit)
Danny Heyer scores
Cyril Husson to third
Darren McCarty Jr. to second
Pitching: RHP Arturo Rojas
Batting: RHB Finn Ross 0-0: Ball
1-0: Ball
2-0: Fly out, F8 (Flyball, 8LM, EV 91.9 MPH)
Top of the 7th over - 1 run, 2 hits, 0 errors, 3 left on base; Buffalo 2 - Columbus 1
BOTTOM OF THE 7TH
Columbus Clippers batting - Pitching for Buffalo Bisons : RHP Orlando Giron
Batting: RHB Chris Folse 0-0: Ball
1-0: Ball
2-0: SINGLE (Groundball, 34D, EV 98.1 MPH)
Batting: RHB Armando Galindo 0-0: Ball
1-0: Called Strike
1-1: Fly out, F8 (Flyball, 8RXD, EV 101.2 MPH)
Batting: RHB Chris Diaz 0-0: Ball
1-0: Ball
2-0: Called Strike
2-1: Foul Ball, location: 2F
2-2: Fielders Choice at 2nd, 4-6 (Groundball, 34, EV 81.9 MPH)
Pitching: LHP Ricardo Chavez
Batting: LHB John Dietrich 0-0: Ball
1-0: Ball
2-0: Ball
3-0: Called Strike
3-1: Swinging Strike
3-2: Strikes out looking
Bottom of the 7th over - 0 runs, 1 hit, 0 errors, 1 left on base; Buffalo 2 - Columbus 1
TOP OF THE 8TH
Buffalo Bisons batting - Pitching for Columbus Clippers : RHP Arturo Rojas
Batting: LHB Da Vo 0-0: Ball
1-0: Ball
2-0: Ball
3-0: Base on Balls
Batting: RHB Itsuo Egami 0-0: Ball
1-0: Ball
Da Vo steals 2nd, throwing error, E2
Da Vo to third
2-0: SINGLE (Flyball, 8LS, EV 85.0 MPH)
Da Vo scores
Batting: RHB Francisco Hernandez 0-0: Called Strike
0-1: Swinging Strike
0-2: Foul Ball, location: 2F
0-2: Ball
1-2: Foul Ball, location: 2F
1-2: Hit by Pitch
Itsuo Egami to second
Batting: RHB Danny Heyer 0-0: Called Strike
0-1: Called Strike
0-2: Ball
1-2: Foul Ball, location: 2F
1-2: 3-RUN HOME RUN (Flyball, 9D, EV 95.0 MPH), Distance : 380 ft
Pitching: LHP Eric Larsen
Batting: RHB Jorge Baret 0-0: Called Strike
0-1: Swinging Strike
0-2: Strikes out swinging
Batting: RHB Cyril Husson 0-0: Ground out 6-3 (Groundball, 6S, EV 85.0 MPH)
Batting: RHB Darren McCarty Jr. 0-0: Foul Ball, location: 2F
0-1: Ball
1-1: Ball
2-1: Ball
3-1: Base on Balls
Batting: RHB Kyle Davis 0-0: Ball
Darren McCarty Jr. steals 2nd base
1-0: Ball
2-0: Called Strike
2-1: Ball
3-1: Base on Balls
Batting: RHB Finn Ross 0-0: Swinging Strike
0-1: Swinging Strike
0-2: Strikes out swinging
Top of the 8th over - 4 runs, 2 hits, 1 error, 2 left on base; Buffalo 6 - Columbus 1
BOTTOM OF THE 8TH
Columbus Clippers batting - Pitching for Buffalo Bisons : LHP Ricardo Chavez
Batting: LHB John Harring 0-0: Ball
1-0: Ball
2-0: Ball
3-0: Base on Balls
Batting: LHB Corey Trevor 0-0: Foul Ball, location: 2F
0-1: Ball
1-1: Ball
2-1: Fly out, F4 (Line Drive, 4, EV 73.1 MPH)
Pitching: LHP Sam Mathena
Batting: RHB Christian Blue 0-0: Ball
1-0: Ball
2-0: Ball
3-0: Called Strike
3-1: Called Strike
3-2: Foul Ball, location: 2F
3-2: Strikes out swinging
Batting: LHB Brent Albertson 0-0: Called Strike
0-1: Ball
1-1: Ball
2-1: Ball
3-1: Swinging Strike
3-2: Foul Ball, location: 2F
3-2: Ground out 4-3 (Groundball, 4, EV 77.5 MPH)
Bottom of the 8th over - 0 runs, 0 hits, 0 errors, 1 left on base; Buffalo 6 - Columbus 1
TOP OF THE 9TH
Buffalo Bisons batting - Pitching for Columbus Clippers : LHP Eric Larsen
Batting: LHB Da Vo 0-0: Called Strike
0-1: Foul Ball, location: 2F
0-2: Ball
1-2: Ball
2-2: Foul Ball, location: 2F
2-2: Ball
3-2: Base on Balls
Batting: RHB Itsuo Egami 0-0: Swinging Strike
0-1: Foul Ball, location: 2F
0-2: Ball
1-2: Foul Ball, location: 2F
1-2: Ball
2-2: Foul Ball, location: 2F
2-2: Strikes out swinging
Batting: RHB Francisco Hernandez 0-0: Called Strike
0-1: Foul Ball, location: 2F
0-2: Foul Ball, location: 2F
0-2: Ball
1-2: Fly out, F9 (Flyball, 9D, EV 102.5 MPH)
Batting: RHB Danny Heyer 0-0: Ball
1-0: Ball
2-0: Called Strike
2-1: Fielders Choice at 2nd, 5-4 (Groundball, 56, EV 106.2 MPH)
Top of the 9th over - 0 runs, 0 hits, 0 errors, 1 left on base; Buffalo 6 - Columbus 1
BOTTOM OF THE 9TH
Columbus Clippers batting - Pitching for Buffalo Bisons : LHP Sam Mathena
Batting: RHB John Shaffer 0-0: Called Strike
0-1: Foul Ball, location: 2F
0-2: Ball
1-2: Foul Ball, location: 2F
1-2: Strikes out swinging
Batting: RHB Chris Folse 0-0: Ball
1-0: Called Strike
1-1: Ball
2-1: Ball
3-1: Foul Ball, location: 2F
3-2: Foul Ball, location: 2F
3-2: Base on Balls
Batting: RHB Armando Galindo 0-0: Foul Ball, location: 2F
0-1: Ball
1-1: Called Strike
1-2: Foul Ball, location: 2F
1-2: Strikes out swinging
Batting: RHB Chris Diaz 0-0: Ball
1-0: Called Strike
1-1: Ground out 4-3 (Groundball, 4, EV 88.1 MPH)
Bottom of the 9th over - 0 runs, 0 hits, 0 errors, 1 left on base; Buffalo 6 - Columbus 1
Tuesday, September 13th , 2022 - OOTP Baseball 23.7 Build 88